 Dungeon Crawl Stone Soup version 0.31-a0-1002-g8e65716e6e (webtiles) character file.

Game seed: 5157048016678064336

28 Azuregosa the Sneak (level 3, 26/26 HPs)
             Began as an Octopode Delver on Nov 10, 2023.
             Quit the game on level 5 of the Dungeon.
             The game lasted 00:00:51 (111 turns).

Azuregosa the Sneak (Octopode Delver)                Turns: 111, Time: 00:00:51

Health: 26/26      AC:  1    Str: 11    XL:     3   Next: 12%
Magic:  3/3        EV: 13    Int: 20    God:
Gold:   88         SH:  0    Dex: 13    Spells: 2/2 levels left

rFire   . . .        a - +0 short sword
rCold   . . .        (no shield)
rNeg    . . .        (helmet restricted)
rPois   .            (no amulet)
rElec   .            c - +6 ring of intelligence
rCorr   .            (no ring)
SInv    .            (no ring)
Will    .....        (no ring)
Stlth   ++++         (no ring)
HPRegen 0.24/turn    (no ring)
MPRegen 0.08/turn    (no ring)
                     (no ring)

%: no passive effects
@: no status effects
A: almost no armour, amphibious, 8 rings, camouflage 1, gelatinous body 1,
(nimble swimmer 1), tentacles
a: no special abilities


You were on level 5 of the Dungeon.
You visited 1 branch of the dungeon, and saw 1 of its levels.

You collected 88 gold pieces.

Inventory:

Hand Weapons
 a - a +0 short sword (weapon)
Jewellery
 c - a +6 ring of intelligence (left tentacle)
Wands
 f - a wand of digging (3)
Scrolls
 b - a scroll of fog
 d - a scroll of fear
Potions
 e - a potion of haste


   Skills:
 + Level 3.3 Fighting
 + Level 2.4 Short Blades
 + Level 2.4 Dodging
 + Level 6.9 Stealth


You had 2 spell levels left.
You didn't know any spells.
Your spell library was empty.

Dungeon Overview and Level Annotations

Branches:
Dungeon (5/15)
 Temple: D:4-7

Altars:
Wu Jian


Innate Abilities, Weirdness & Mutations

You cannot wear most types of armour.
You are amphibious.
You can wear up to eight rings at the same time.
Your skin changes colour to match your surroundings (Stealth+).
Your rubbery body absorbs attacks. (AC +1, EV +1)
((You are camouflaged when in or above water. (Stealth+)))
You have tentacles for arms and can constrict up to eight enemies at once.


Message History

Found a cabochon ring.
Found a leather armour.
You open the door.
There is an open door here.
c - a +6 ring of intelligence You feel clever.
c - a +6 ring of intelligence (left tentacle)
You now have 34 gold pieces (gained 14).
You now have 45 gold pieces (gained 11).
You now have 50 gold pieces (gained 5).
You now have 62 gold pieces (gained 12).
You now have 78 gold pieces (gained 16).
You now have 88 gold pieces (gained 10).
There is an open door here.
Found a stone staircase leading down.
You open the door.
Found an escape hatch in the ceiling.
A hound comes into view.
There is an open door here.
The hound barks!
The hound bites you.
You completely miss the hound. You grab the hound. You squeeze the hound!
The hound is severely wounded.
You constrict the hound, but do no damage.
The hound bites you. The hound closely misses you.
You hit the hound but do no damage.
The hound is severely wounded.
You constrict the hound, but do no damage.
The hound closely misses you.
You hit the hound. You squeeze the hound.
You kill the hound!
You have reached level 2!
You have reached level 3!
Your experience leads to an increase in your attributes!
Your base attributes are Str 11, Int 12, Dex 13.
Increase (S)trength, (I)ntelligence, or (D)exterity?
You feel clever. x2
You start resting.
HP restored.
Are you sure you want to abandon this character and quit the game? (Confirm with "yes".)

**,* *...........###...,* *,,*
****#.......>......* *,**
##.............* *,*
#.##########.#* *,* #.# *,* *,*
##'## *,* *,* ##...## ****,****
**,**** ##.....## *,,,,,,,*
**,,,,,** *#...@...#* *,*,,**,*
**,,*,,,***#....†...<#**,,,,**,*
,,,,,,,,,,,+.........+,,,,,,,*,*
**,,*,,,***#.........#**,,,,,*,*
**,,*,,** ##.......## *,*,*,*,*
**,,*,** ##.....## *,***,*,*
**,,*,* ##...## *,,,,,,,*
**,,,,* ##+## *****,*** ***,***
*,* *,*


There were no monsters in sight!

Vanquished Creatures
  A hound (D:5)
1 creature vanquished.

Notes
Turn   | Place    | Note
-------+----------+-------------------------------------------
     0 | D:5      | Azuregosa the Octopode Delver began the quest for the Orb.
     0 | D:5      | Reached XP level 1. HP: 16/16 MP: 1/1
    12 | D:5      | Found an ornate altar of the Wu Jian Council.
    60 | D:5      | Noticed a hound
    66 | D:5      | Killed a hound
    67 | D:5      | Reached XP level 2. HP: 12/21 MP: 2/2
    67 | D:5      | Reached XP level 3. HP: 15/26 MP: 3/3
   111 | D:5      | Quit the game

Illustrated notes

Levels and vault maps discovered:
D:5:      layout_loops_corners, amcnicky_altar_gilded,
          chequers_serial_rivers_micro_e

Action                     || total
---------------------------++-------
  Melee: Short sword       ||     3
         Tentacles         ||     2
         Constrict         ||     1
    Use: Scroll            ||     1
 Armour: Skin              ||     2
  Dodge: Dodged            ||     2

Table legend: (Time is in decaauts)
 A = Elapsed time spent in this place.
 B = Non-inter-level travel time spent in this place.
 C = Inter-level travel time spent in this place.
 D = Time resting spent in this place.
 E = Time spent auto-exploring this place.
 F = Levels seen in this place.
 G = Mean time per level.
                   A        B        C        D        E       F      G
               +--------+--------+--------+--------+--------+-----+--------+
         Total |    110 |    110 |      0 |     44 |      0 |   1 |  110.0 |
       Dungeon |    110 |    110 |      0 |     44 |      0 |   1 |  110.0 |
               +--------+--------+--------+--------+--------+-----+--------+

Top non-repeatable levels by time:
     D:5: 110 daAuts
